 Dungeon Crawl Stone Soup version 0.19.1 (webtiles) character file.

9515 sveltemanboy the Bludgeoner (level 11, -5/97 HPs)
             Began as an Ogre Hunter on Nov 27, 2016.
             Was an Elder of Okawaru.
             Slain by a seven-headed hydra (11 damage)
             ... on level 1 of the Lair of Beasts.
             The game lasted 00:35:14 (14592 turns).

sveltemanboy the Bludgeoner (Ogre Hunter)          Turns: 14592, Time: 00:35:16

Health: -5/97      AC:  5    Str: 21    XL:     11   Next: 47%
Magic:  25/25      EV: 10    Int: 11    God:    Okawaru [****..]
Gold:   526        SH:  0    Dex: 10    Spells: 1 memorised, 9 levels left

rFire  x . .     SeeInvis .     a - +2 whip (elec)
rCold  + . .     Gourm    .     b - +1 robe
rNeg   . . .     Faith    .     (no shield)
rPois  .         Spirit   .     (helmet restricted)
rElec  .         Reflect  .     x - +0 cloak
rCorr  .         Harm     .     (gloves unavailable)
MR     +....                    (boots unavailable)
Stlth  +.........               I - amulet of rage
                                O - ring of magical power
                                E - ring of ice

@: drained
A: unfitting armour, tough skin 1
a: Heroism, Renounce Religion, Evoke Berserk Rage


You were on level 1 of the Lair of Beasts.
You worshipped Okawaru.
Okawaru was greatly pleased with you.
You were not hungry.

You visited 3 branches of the dungeon, and saw 13 of its levels.
You also visited: Sewer.

You collected 526 gold pieces.

Inventory:

Hand Weapons
 a - a +2 whip of electrocution (weapon)
 J - a +0 giant spiked club
Missiles
 c - 6 large rocks (quivered)
 d - 2 throwing nets
 y - a tomahawk
Armour
 b - a +1 robe (worn)
 x - a +0 cloak (worn)
Jewellery
 E - a ring of ice (left hand)
 I - an amulet of rage (around neck)
 O - a ring of magical power (right hand)
Wands
 l - a wand of iceblast (1/15)
 w - a wand of digging (10/24)
 z - a wand of disintegration (9/24)
 H - a wand of enslavement (9/24)
 K - a wand of iceblast (3/15)
 N - a wand of flame (24/48)
Scrolls
 e - 2 scrolls of enchant weapon {unknown}
 g - 9 scrolls of remove curse
 i - 3 scrolls of amnesia {unknown}
 k - a scroll of summoning {unknown}
 o - 2 scrolls of blinking {unknown}
 p - 2 scrolls of enchant armour
 s - 2 scrolls of teleportation
 C - a scroll of recharging {unknown}
 F - a scroll of random uselessness {unknown}
 G - a scroll of silence {unknown}
 M - a scroll of holy word {unknown}
Potions
 h - 5 potions of curing
 j - 4 potions of lignification
 n - a potion of beneficial mutation {unknown}
 t - a potion of cancellation
 v - 4 potions of flight
 A - 2 potions of ambrosia {unknown}
 B - a potion of agility
 D - a potion of might
Comestibles
 f - 6 bread rations
 m - 4 beef jerkies
 q - 2 chunks of flesh
 r - 4 meat rations
 u - 2 fruits
 L - 3 slices of pizza


   Skills:
 - Level 3.1(2.5) Fighting
 * Level 17.1(16.2) Maces & Flails
 - Level 7.1(6.5) Throwing
 - Level 2.0(1.4) Dodging
 - Level 0.6(0.0) Stealth
 - Level 1.0(0.5) Spellcasting
 + Level 3.8(3.2) Hexes
 - Level 7.0(6.3) Invocations


You had 9 spell levels left.
You knew the following spells:

 Your Spells              Type           Power        Failure   Level  Hunger
a - Tukima's Dance        Hex            #.......     30%         3    ####...


Dungeon Overview and Level Annotations

Branches:
Dungeon (11/15)            Temple (1/1) D:5            Lair (1/6) D:10
    Orc (0/2) D:9

Altars:
Ashenzari
Dithmenos
Makhleb
Okawaru
Ru
Vehumet

Shops:
D:7 *

Annotations:
D:5 TheWoodenMan's ghost, novice HONe
D:11 Erolcha


Innate Abilities, Weirdness & Mutations

You are too large for most types of armour.
You have tough skin. (AC +1)


Message History

The seven-headed hydra completely misses you.
The seven-headed hydra bites you!
* * * LOW HITPOINT WARNING * * *
Throwing (i - inventory. (,) - cycle):
c - 7 large rocks (quivered)
Press: ? - help, Shift-Dir - straight line, f/p - seven-headed hydra
Aim: a seven-headed hydra (severely wounded)
You throw a large rock.
The large rock hits the seven-headed hydra!
The seven-headed hydra is almost dead.
The seven-headed hydra bites you!
* * * LOW HITPOINT WARNING * * *
The seven-headed hydra barely misses you.
The seven-headed hydra bites you.
* * * LOW HITPOINT WARNING * * *
The seven-headed hydra barely misses you.
The seven-headed hydra bites you!
* * * LOW HITPOINT WARNING * * *
The seven-headed hydra bites you but does no damage.
The seven-headed hydra bites you!
You die...

##......#
##?......
#(......##
#%.......#
#........#
##.(.....#
#...D....#
#..@....#
#.....##.#
#....P#
#.....#
##..>..
##.....
#......
#.......


You could see a seven-headed hydra.

Vanquished Creatures
  A hill giant (D:10)
  An ugly thing (D:10)
  2 trolls
  2 two-headed ogres
  A hornet (D:10)
  2 hippogriffs
  A wyvern (D:10)
  8 yaks
  3 hungry ghosts
  3 wargs (D:10)
  3 sky beasts
  An ice beast (D:8)
  6 orc warriors
  2 phantoms
  6 ogres
  6 centaurs
  2 big kobolds
  7 bullfrogs
  3 scorpions
  A wyvern skeleton (D:8)
  8 killer bees
  3 wights (D:10)
  An electric eel (D:6)
  6 crimson imps
  2 hounds
  A quasit (D:9)
  2 centaur zombies
  2 bullfrog skeletons
  Crazy Yiuf (D:3)
  10 orc priests
  A centaur skeleton (D:6)
  7 iguanas
  14 orc wizards
  6 worker ants
  2 hound skeletons
  13 adders
  7 gnolls
  2 river rats (Sewer)
  A shadow imp (D:8)
  An ooze (D:6)
  2 worms
  2 dart slugs
  7 leopard geckos
  47 orcs
  A ball python (D:3)
  13 bats
  13 giant cockroaches
  12 goblins
  7 hobgoblins
  10 jackals
  12 kobolds
  6 quokkas
  7 frilled lizards
  A quokka skeleton (D:7)
  A quokka zombie (D:8)
  11 rats
303 creatures vanquished.

Notes
Turn   | Place    | Note
-------+----------+-------------------------------------------
     0 | D:1      | sveltemanboy the Ogre Hunter began the quest for the Orb.
     0 | D:1      | Reached XP level 1. HP: 22/22 MP: 1/1
    33 | D:1      | Reached XP level 2. HP: 24/31 MP: 2/2
   162 | D:1      | Reached skill level 1 in Maces & Flails
   375 | D:1      | Reached XP level 3. HP: 34/37 MP: 3/3
   411 | D:1      | Reached skill level 2 in Maces & Flails
  1180 | D:2      | Reached XP level 4. HP: 45/45 MP: 4/4
  1194 | D:2      | Reached skill level 3 in Maces & Flails
  2225 | D:3      | Reached skill level 4 in Maces & Flails
  2225 | D:3      | Reached XP level 5. HP: 53/53 MP: 5/5
  2334 | D:3      | Reached skill level 5 in Throwing
  2454 | D:3      | Found a glowing drain.
  2466 | Sewer    | Entered a sewer
  2747 | Sewer    | Noticed a big kobold
  2783 | Sewer    | Killed a big kobold
  2783 | Sewer    | Reached skill level 5 in Maces & Flails
  2783 | Sewer    | Reached XP level 6. HP: 56/61 MP: 6/6
  2854 | Sewer    | Found a white marble altar of Elyvilon.
  3358 | D:3      | Reached skill level 6 in Maces & Flails
  3380 | D:3      | Found a shattered altar of Ashenzari.
  3545 | D:3      | Found a runed door.
  3549 | D:3      | Noticed Crazy Yiuf
  3556 | D:3      | Killed Crazy Yiuf
  3981 | D:4      | Reached XP level 7. HP: 60/67 MP: 7/7
  4023 | D:4      | Reached skill level 7 in Maces & Flails
  4271 | D:5      | Entered Level 5 of the Dungeon
  4683 | D:5      | Noticed TheWoodenMan's ghost (novice HONe)
  4683 | D:5      | Reached skill level 8 in Maces & Flails
  5518 | D:6      | Reached skill level 9 in Maces & Flails
  5518 | D:6      | Reached XP level 8. HP: 64/75 MP: 8/8
  5873 | D:6      | Reached skill level 10 in Maces & Flails
  7018 | D:5      | Found a staircase to the Ecumenical Temple.
  7024 | Temple   | Entered the Ecumenical Temple
  7033 | Temple   | Became a worshipper of Warmaster Okawaru
  7161 | D:7      | Reached skill level 1 in Invocations
  7248 | D:7      | Found Xuqed's General Store.
  7408 | D:7      | Reached skill level 11 in Maces & Flails
  7854 | D:7      | Reached * piety under Okawaru
  7854 | D:7      | Reached XP level 9. HP: 45/81 MP: 10/10
  8139 | D:7      | Reached skill level 12 in Maces & Flails
  8397 | D:8      | Noticed a troll
  8400 | D:8      | Killed a troll
  8489 | D:8      | Reached ** piety under Okawaru
  8713 | D:8      | Reached skill level 13 in Maces & Flails
  9008 | D:8      | Reached skill level 5 in Invocations
  9701 | D:8      | Reached XP level 10. HP: 33/91 MP: 14/14
  9992 | D:8      | Reached skill level 14 in Maces & Flails
 10213 | D:9      | Found a staircase to the Orcish Mines.
 10261 | D:9      | Reached *** piety under Okawaru
 10431 | D:9      | Received a gift from Okawaru
 10723 | D:9      | Learned a level 3 spell: Tukima's Dance
 11090 | D:9      | Reached skill level 1 in Spellcasting
 11131 | D:9      | Reached skill level 15 in Maces & Flails
 11327 | D:9      | Reached skill level 1 in Hexes
 11617 | D:9      | Received a gift from Okawaru
 12076 | D:10     | Entered Level 10 of the Dungeon
 12506 | D:10     | Found a staircase to the Lair.
 12657 | D:10     | Reached skill level 16 in Maces & Flails
 12657 | D:10     | Reached XP level 11. HP: 70/97 MP: 16/16
 12783 | D:10     | Reached **** piety under Okawaru
 13467 | D:10     | Noticed a brown ugly thing
 13482 | D:10     | Killed a brown ugly thing
 13482 | D:10     | Received a gift from Okawaru
 13646 | D:10     | Noticed a hill giant
 13658 | D:10     | Killed a hill giant
 14314 | D:10     | Reached skill level 17 in Maces & Flails
 14512 | D:11     | Noticed Erolcha
 14586 | Lair:1   | Entered Level 1 of the Lair of Beasts
 14586 | Lair:1   | Noticed a seven-headed hydra
 14592 | Lair:1   | Slain by a seven-headed hydra

Skill      XL: |  1  2  3  4  5  6  7  8  9 10 11 |
---------------+----------------------------------+-----
Fighting       | 3 |  3.1
Dodging        | 2 |  2.0
Maces & Flails | 1 2 4 5 6 9 11 13 16 17 | 17.1
Throwing       | 5 6 7 |  7.1
Invocations    | 2 5 7 |  7.0
Spellcasting   | 1 |  1.0
Hexes          | 2 3 |  3.8
Stealth        | |  0.6

Action                   |  1- 3 |  4- 6 |  7- 9 | 10-12 || total
-------------------------+-------+-------+-------+-------++-------
Melee: Short sword       |   135 |    46 |       |       ||   181
       Whip              |       |   178 |   488 |   432 ||  1098
Throw: Large rock        |     1 |     8 |     9 |    16 ||    34
       Tomahawk          |       |    16 |    27 |    54 ||    97
       Stone             |       |    13 |    23 |       ||    36
       Throwing net      |       |     2 |       |       ||     2
Evoke: Wand              |       |       |     2 |       ||     2
  Use: Scroll            |       |     2 |    13 |       ||    15
       Potion            |       |     1 |     2 |     1 ||     4
 Stab: Sleeping          |     2 |     1 |     1 |     1 ||     5
       Distracted        |     1 |       |       |       ||     1
       Confused          |       |       |     1 |       ||     1
  Eat: Chunk             |     1 |     9 |    16 |    18 ||    44
       Meat ration       |       |       |     1 |       ||     1
       Fruit             |       |       |       |     2 ||     2
Armor: Robe              |    32 |    70 |    85 |    48 ||   235
       Skin              |       |       |     7 |    16 ||    23
Dodge: Dodged            |    75 |    97 |   153 |    99 ||   424
